AoeStats
← [RZ] HardZeeiRa-BR

Arabia

510325935Analyzed
1v1 RM · 2d ago on Sep 30, 2026· 52m 1s· 2 players
Game mode
Random Map
Map size
Tiny (2 player)
Population
200
Speed
Normal
Resources
Standard
Victory
Conquest
Starting age
Dark Age
Ending age
Imperial Age
RankedLock teamsTeams togetherTeam positionsShared explorationLock speedFull tech treeHidden civsTurbo modeCheats
Victory
Defeat
🇩🇪 Saxons · Germany
1225
+16
🇧🇷 Magyars · Brazil
1227
-16
Ando
6:13 Loom
8:39 Feudal Age
20:21 Castle Age
18:15 Double-Bit Axe
19:13 Fletching
20:54 Pikeman
20:58 Crossbowman
25:38 Gambesons
28:00 Scale Mail Armor
28:11 Forging
27:56 Bodkin Arrow
33:10 Wheelbarrow
33:08 Chain Mail Armor
37:30 Imperial Age
38:32 Iron Casting
39:02 Squires
38:49 Gambesons
44:24 Bracer
44:03 Arbalester
45:08 Ballistics
45:14 Hand Cart
48:10 Thumb Ring
49:17 Conscription
50:17 Plate Mail Armor
49:48 Padded Archer Armor
50:39 Bow Saw
51:51 Elite Hearth Troop
[RZ] HardZeeiRa-BR
6:17 Loom
9:00 Feudal Age
12:00 Double-Bit Axe
14:39 Horse Collar
20:48 Castle Age
18:39 Town Watch
19:29 Wheelbarrow
21:26 Castle Age
21:28 Scale Barding Armor
26:18 Chain Barding Armor
28:27 Bloodlines
35:51 Fletching
41:11 Imperial Age
38:39 Stone Mining
40:23 Bow Saw
41:08 Thumb Ring
42:35 Bodkin Arrow
45:09 Ballistics
45:54 Conscription
46:54 Chemistry
47:06 Husbandry
47:34 Parthian Tactics
47:32 Gold Mining
48:48 Bracer
48:48 Padded Archer Armor
48:41 Heavy Cavalry Archer
50:42 Plate Barding Armor
49:49 Light Cavalry
51:18 Gold Shaft Mining
50:46 Heavy Plow
50:58 Treadmill Crane
Connection lost

Rejoining the realm…

Still unreachable

The connection could not be restored.

Session expired

The server has moved on; the page needs a fresh start.